 Dungeon Crawl Stone Soup version 0.21-a0-156-g77413b7 (webtiles) character file.

14 namelastname112 the Ruffian (level 2, 3/25 HPs)
             Began as a Draconian Wanderer on Aug 3, 2017.
             Quit the game on level 2 of the Dungeon.
             The game lasted 00:01:18 (590 turns).

namelastname112 the Ruffian (Draconian Wanderer)     Turns: 590, Time: 00:01:19

Health: 3/25       AC:  4    Str: 16    XL:     2   Next: 31%
Magic:  2/2        EV: 17    Int: 12    God:
Gold:   73         SH:  0    Dex: 13    Spells: 1/1 levels left

rFire    + . .     SeeInvis .   a - +2 hand crossbow
rCold    . . .     Gourm    .   (no shield)
rNeg     . . .     Faith    .   (armour unavailable)
rPois    .         Spirit   .   (helmet restricted)
rElec    .         Reflect  .   (no cloak)
rCorr    .         Harm     .   (no gloves)
MR       .....                  (no boots)
Stlth    +++.......             (no amulet)
HPRegen  0.08/turn              (no ring)
MPRegen  0.08/turn              (no ring)

@: agile, lethally poisoned (3 -> 0), berserk cooldown, slowed, very slow
A: unfitting armour, talons 1, fire resistance 1, cold-blooded, AC +4
a: no special abilities


You were on level 2 of the Dungeon.
You were not hungry.

You visited 1 branch of the dungeon, and saw 2 of its levels.

You collected 73 gold pieces.

Inventory:

Hand Weapons
 a - a +2 hand crossbow (weapon)
 c - a +0 falchion
 e - a +0 blowgun
 j - a cursed -1 dagger
Missiles
 b - 12 bolts (quivered)
 d - 14 poisoned needles
Scrolls
 k - a scroll of remove curse {unknown}
 m - 2 scrolls of amnesia {unknown}
Comestibles
 f - a bread ration
 i - a royal jelly


   Skills:
 + Level 2.9 Fighting
 - Level 1.7 Crossbows
 - Level 1.0 Throwing
 + Level 1.0 Dodging
 - Level 1.0 Stealth
 - Level 4.0 Unarmed Combat


You had one spell level left.
You didn't know any spells.

Dungeon Overview and Level Annotations

Branches:
Dungeon (2/15)

Altars:


Innate Abilities, Weirdness & Mutations

Your plain brown scales are hard. (AC +4)
You cannot fit into any form of body armour.
You are cold-blooded and may be slowed by cold attacks.
You have sharp toenails.
Your flesh is heat resistant. (rF+)


Message History

You feel resistant to heat.
You feel weaker.
You feel stronger.
Your toenails lengthen and sharpen.
It was a potion of berserk rage.
A red film seems to cover your vision as you go berserk!
You feel yourself moving faster!
You feel mighty!
You feel sick.
You now have 6/37 hp.
You feel a strong urge to attack something.
You feel your anger subside.
You feel sick.
You take 1 damage, and have 6/37 hp.
You are no longer berserk.
You are exhausted.
You feel yourself slow down.
You now have 4/25 hp.
* * * LOW HITPOINT WARNING * * *
You feel sick.
You take 1 damage, and have 3/25 hp.
It was a potion of agility.
You feel agile all of a sudden.
Are you sure you want to abandon this character and quit the game? (Confirm with "yes".)

+# ###.#
...(###
.......
.......
######(......
#.@...$......
#.####.#+####
#.#..#.# #
#....#[#
#.###.##.# ..
#..#.#
#.#.#.##.#
#....<...#
#...######


There were no monsters in sight!

Vanquished Creatures
  An adder (D:2)
  A hobgoblin (D:1)
  A frilled lizard (D:1)
  4 kobolds (D:1)
7 creatures vanquished.

Notes
Turn   | Place    | Note
-------+----------+-------------------------------------------
     0 | D:1      | namelastname112 the Draconian Wanderer began the quest for the Orb.
     0 | D:1      | namelastname112 set off with: a +2 hand crossbow, 24 bolts, a +0 falchion, 14 poisoned needles, a +0 blowgun, a bread ration
     0 | D:1      | Reached XP level 1. HP: 17/17 MP: 1/1
   577 | D:2      | Reached skill level 1 in Dodging
   577 | D:2      | Reached XP level 2. HP: 8/25 MP: 2/2
   581 | D:2      | Gained mutation: Your flesh is heat resistant. (rF+) [potion of mutation]
   581 | D:2      | Gained mutation: You are weak. (Str -2) [potion of mutation]
   581 | D:2      | Lost mutation: You are weak. (Str -2) [potion of mutation]
   581 | D:2      | Gained mutation: You have sharp toenails. [potion of mutation]
   590 | D:2      | Quit the game

Vault maps used:
D:1:      lemuel_arrival_hallway

Skill      XL: |  1 |
---------------+----+-----
Dodging        | 1 |  1.0
Fighting       | |  2.9
Crossbows      | |  1.7
Throwing       | |  1.0
Stealth        | |  1.0
Unarmed Combat | |  4.0

Action                   || total
-------------------------++-------
 Fire: Hand crossbow     ||    23
  Use: Potion            ||     3
Armor: Skin              ||     7
Dodge: Dodged            ||    10
